Flames vs Whalers

Created - 25 octobre 2023 at 19:46

Goals
1 2 3 OT1 SO T
Flames 0 2 0 0 2 3
Whalers 0 1 1 0 1 2
Shots
1 2 3 OT1 SO T
Flames 8 10 10 5 6 33
Whalers 2 17 9 1 6 29

GoalsPenalties
1st period
No Goal
David Savard (HAR) for Holding (Minor) at 4:46
Trevor Moore (CAL) for Hooking (Minor) at 13:37
2nd period
1. Whalers , Jack McBain 1 (Scott Mayfield 2, Max Pacioretty 2) at 2:21
2. Flames , Trevor Moore 2 (Anthony Beauvillier 2) at 3:35
3. Flames , Trevor Moore 3 (Erik Brannstrom 2, Anthony Beauvillier 3) at 5:14
3rd period
4. Whalers , Max Pacioretty 2 (Scott Mayfield 3, Bryan Rust 1) at 10:03
Caleb Jones (CAL) for Tripping (Minor) at 13:10
Overtime #1
No Goal
Shootout
Flames, Sam Reinhart - Goal!
Whalers, Bryan Rust - Shot Misses the Net
Flames, Trevor Moore - Stopped by Jacob Markstrom
Whalers, Drake Batherson - Stopped by Sergei Bobrovsky
Flames, Evgeny Kuznetsov - Stopped by Jacob Markstrom
Whalers, Vladimir Tarasenko - Goal!
Flames, Ben Chiarot - Shot Misses the Net
Whalers, Reilly Smith - Stopped by Sergei Bobrovsky
Flames, Caleb Jones - Stopped by Jacob Markstrom
Whalers, Timo Meier - Stopped by Sergei Bobrovsky
Flames, Tyson Jost - Goal!
Whalers, David Savard - Stopped by Sergei Bobrovsky
Goalie Stats
Sergei Bobrovsky (CAL), 27 saves from 29 shots - (0,931), W, 2-1-1, 65:00 minutes
Jacob Markstrom (HAR), 31 saves from 33 shots - (0,939), OTL, 1-1-1, 65:00 minutes
3 StarsOfficial
1 - Trevor Moore (CAL)
2 - Max Pacioretty (HAR)
3 - Jack McBain (HAR)
Referees : Brett Roeland and Jean Hebert
Linesman : James Tobias and Stephen Drain
Game Note
No Game Note
Finance
Level 1 -- Attendance: 3595 (59,92%) -- Ticket Income $539,250
Level 2 -- Attendance: 2142 (42,84%) -- Ticket Income $267,750
Level 3 -- Attendance: 800 (40,00%) -- Ticket Income $96,000
Level 4 -- Attendance: 1600 (40,00%) -- Ticket Income $128,000
Luxury Box -- Attendance: 400 (40,00%) -- Ticket Income $200,000
Game was played at the The Pound.
Total Attendance: 8537 (47,43%)
Total Ticket Income: $1,231,000
Other Income: $603,190
Total Income: $1,834,190



Team Name Goals Shots Shots Attemp Shots Blocked PIM HIT PP PK FO%
Flames 33351134210 / 1 (0%)060%
Whalers 2296242280 / 2 (0%)040%

Flames
Player Name POS G A P +/- PIM HIT SHT SB MP PP MP PP SHT PK MP PK SHT FO% FOT GA TA
Anthony BeauvillierC/LW/RW0221012017:490:5800:0700% 011
Austin WatsonC/LW/RW0000020011:230:0000:5800% 000
Ben ChiarotD000-1031220:520:0002:1300% 000
Blake LizotteC000-1022011:270:0000:54060% 520
Caleb JonesD000-1200219:090:4300:0000% 000
Drew DoughtyD0000014126:211:1601:4500% 000
Erik BrannstromD0111001015:150:4300:0000% 000
Evgeny KuznetsovC/LW/RW0000021020:151:0100:00063% 1902
Kiefer SherwoodLW/RW0000021010:340:0000:0000% 002
Mark JankowskiC/LW0000000011:230:0000:580100% 100
Nick BjugstadC/RW0001030017:100:0002:06063% 1600
Pavel ZachaC/LW0000005420:401:0100:0000% 000
Radim SimekD0001012015:530:0002:1300% 001
Ryan DonatoC/LW000-1004214:320:5800:4600% 010
Sam ReinhartC/RW0000003020:241:0100:00050% 410
Trevor MooreC/LW/RW2021223117:160:5800:00050% 200
Tyson JostC/LW/RW000-1011013:020:0002:0700% 100
Victor HedmanD0000013127:351:1601:4500% 002
Whalers
Player Name POS G A P +/- PIM HIT SHT SB MP PP MP PP SHT PK MP PK SHT FO% FOT GA TA
Bryan RustLW/RW0112013014:500:0000:100100% 110
David SavardD0000220023:531:5100:0000% 003
Drake BathersonC/RW000-2010021:151:5400:0000% 010
Jack McBainC1012032014:000:0501:00040% 500
Jacob MiddletonD0000011022:551:5101:2100% 000
Justin FaulkD0002013023:012:0700:5400% 020
Kyle BurroughsD000-2020016:560:0000:1700% 000
Max PaciorettyLW1122002013:130:0000:0000% 000
Oskar SundqvistC/LW/RW0000001016:421:5900:00042% 1200
Pierre-edouard BellemareC/LW/RW000001109:590:0000:49050% 210
Reilly SmithLW/RW0000020116:591:5900:0000% 000
Scott MayfieldD0222033021:242:0701:0500% 000
Sean WalkerD000-2021216:390:0000:1000% 001
Shane PintoC000-2011021:231:5400:10033% 2410
Timo MeierLW/RW000-2035021:011:5900:00067% 300
Trevor LewisC/LW/RW000001119:350:0001:0000% 100
Ty DellandreaC/RW0000032010:060:0500:4900% 010
Vladimir TarasenkoRW0000013019:091:5900:1100% 011

Flames

5 vs 5 Forward
Line #Left WingCenterRight WingPHYDFOFWanted %Time %Time Play
1Pavel ZachaEvgeny KuznetsovSam Reinhart0143534%18:12
2Anthony BeauvillierNick BjugstadTrevor Moore0233028%15:02
3Ryan DonatoBlake LizotteTyson Jost0232219%10:24
4Austin WatsonMark JankowskiKiefer Sherwood2211319%10:25
5 vs 5 Defense
Line #DefenseDefensePHYDFOFWanted %Time %Time Play
1Victor HedmanDrew Doughty0233635%18:52
2Ben ChiarotCaleb Jones0233434%18:21
3Radim SimekErik Brannstrom0322226%13:54
4Drew DoughtyVictor Hedman03285%2:56
Power Play Forward
Line #Left WingCenterRight WingPHYDFOFWanted %Time %Time Play
1Pavel ZachaEvgeny KuznetsovSam Reinhart0056051%1:01
2Trevor MooreRyan DonatoAnthony Beauvillier0054049%0:58
Power Play Defense
Line #DefenseDefensePHYDFOFWanted %Time %Time Play
1Victor HedmanDrew Doughty0146064%1:16
2Caleb JonesErik Brannstrom0144036%0:43
Penalty Kill 4 Players Forward
Line #CenterWingPHYDFOFWanted %Time %Time Play
1Nick BjugstadTyson Jost0506076%3:00
2Mark JankowskiAustin Watson0504024%0:58
Penalty Kill 4 Players Defense
Line #DefenseDefensePHYDFOFWanted %Time %Time Play
1Ben ChiarotRadim Simek1406056%2:13
2Victor HedmanDrew Doughty1404044%1:45
Penalty Kill 3 Players
Line #WingPHYDFOFWanted %Time %Time PlayDefenseDefensePHYDFOFWanted %Time %Time Play
1Nick Bjugstad050600%0:00 Radim SimekBen Chiarot050600%0:00
2Mark Jankowski050400%0:00 Drew DoughtyVictor Hedman050400%0:00
4 vs 4 Forward
Line #CenterWingPHYDFOFWanted %Time %Time Play
1Pavel ZachaSam Reinhart014600%0:00
2Evgeny KuznetsovAnthony Beauvillier023400%0:00
4 vs 4 Defense
Line #DefensePHYDFOFWanted %Time %Time Play
1Victor HedmanDrew Doughty023600%0:00
2Erik BrannstromCaleb Jones032400%0:00
Last Minutes Offensive
Left WingCenterRight WingDefenseDefense
Pavel ZachaEvgeny KuznetsovSam ReinhartVictor HedmanDrew Doughty
Last Minutes Defensive
Left WingCenterRight WingDefenseDefense
Mark JankowskiNick BjugstadAustin WatsonBen ChiarotDrew Doughty
Time
Total ForwardTotal DefenseLast Minutes OffensiveLast Minutes Defensive
60:00 60:00 0:000:00
Extra Forwards
Normal PowerPlayPenalty Kill
Sam Reinhart, Evgeny Kuznetsov, Pavel ZachaBlake Lizotte, Nick BjugstadBlake Lizotte
Extra Defensemen
Normal PowerPlayPenalty Kill
Victor Hedman, Drew Doughty, Ben ChiarotVictor Hedman, Erik BrannstromCaleb Jones
Penalty Shots
Sam Reinhart, Trevor Moore, Evgeny Kuznetsov, Ben Chiarot, Caleb Jones
Goalie
Sergei Bobrovsky, Petr Mrazek
Custom OT Lines Forwards
Sam Reinhart, Pavel Zacha, Evgeny Kuznetsov, Anthony Beauvillier, Trevor Moore, Ryan Donato, Nick Bjugstad, Blake Lizotte, Tyson Jost, Kiefer Sherwood
Custom OT Lines Defensemen
Victor Hedman, Drew Doughty, Erik Brannstrom, Ben Chiarot, Caleb Jones
Scratches
Noah Gregor (Healthy), Brendan Smith (Healthy), Alex Lyon (Healthy)

Whalers

5 vs 5 Forward
Line #Left WingCenterRight WingPHYDFOFWanted %Time %Time Play
1Timo MeierShane PintoDrake Batherson0233533%17:48
2Reilly SmithOskar SundqvistVladimir Tarasenko0233029%15:37
3Max PaciorettyJack McBainBryan Rust0322524%12:50
4Trevor LewisPierre-edouard BellemareTy Dellandrea0321014%7:48
5 vs 5 Defense
Line #DefenseDefensePHYDFOFWanted %Time %Time Play
1Justin FaulkScott Mayfield0323534%18:22
2Jacob MiddletonDavid Savard0323536%19:27
3Sean WalkerKyle Burroughs0323030%16:00
4Justin FaulkDavid Savard12200%0:14
Power Play Forward
Line #Left WingCenterRight WingPHYDFOFWanted %Time %Time Play
1Timo MeierShane PintoDrake Batherson0055050%1:59
2Reilly SmithOskar SundqvistVladimir Tarasenko0055050%1:59
Power Play Defense
Line #DefenseDefensePHYDFOFWanted %Time %Time Play
1Justin FaulkScott Mayfield0325053%2:07
2Jacob MiddletonDavid Savard0325047%1:51
Penalty Kill 4 Players Forward
Line #CenterWingPHYDFOFWanted %Time %Time Play
1Pierre-edouard BellemareTy Dellandrea0505050%0:59
2Jack McBainTrevor Lewis0505050%1:00
Penalty Kill 4 Players Defense
Line #DefenseDefensePHYDFOFWanted %Time %Time Play
1David SavardJacob Middleton0505586%1:42
2Scott MayfieldKyle Burroughs0504514%0:17
Penalty Kill 3 Players
Line #WingPHYDFOFWanted %Time %Time PlayDefenseDefensePHYDFOFWanted %Time %Time Play
1Pierre-edouard Bellemare050500%0:00 David SavardJacob Middleton050550%0:00
2Jack McBain050500%0:00 Scott MayfieldKyle Burroughs050450%0:00
4 vs 4 Forward
Line #CenterWingPHYDFOFWanted %Time %Time Play
1Shane PintoTimo Meier023500%0:00
2Jack McBainBryan Rust023500%0:00
4 vs 4 Defense
Line #DefensePHYDFOFWanted %Time %Time Play
1Kyle BurroughsSean Walker032600%0:00
2Jacob MiddletonDavid Savard032400%0:00
Last Minutes Offensive
Left WingCenterRight WingDefenseDefense
Timo MeierShane PintoDrake BathersonJustin FaulkScott Mayfield
Last Minutes Defensive
Left WingCenterRight WingDefenseDefense
Pierre-edouard BellemareJack McBainTy DellandreaDavid SavardScott Mayfield
Time
Total ForwardTotal DefenseLast Minutes OffensiveLast Minutes Defensive
60:00 60:00 0:000:00
Extra Forwards
Normal PowerPlayPenalty Kill
Timo Meier, Vladimir Tarasenko, Reilly SmithTy Dellandrea, Jack McBainShane Pinto
Extra Defensemen
Normal PowerPlayPenalty Kill
Justin Faulk, David Savard, Jacob MiddletonScott Mayfield, Scott MayfieldKyle Burroughs
Penalty Shots
Bryan Rust, Drake Batherson, Vladimir Tarasenko, Reilly Smith, Timo Meier
Goalie
Jacob Markstrom, Jake Allen
Custom OT Lines Forwards
Shane Pinto, Drake Batherson, Timo Meier, Vladimir Tarasenko, Trevor Lewis, Bryan Rust, Reilly Smith, Max Pacioretty, Ty Dellandrea, Oskar Sundqvist
Custom OT Lines Defensemen
Justin Faulk, David Savard, Jacob Middleton, Scott Mayfield, Kyle Burroughs
Scratches
Adam Cracknell (Suspend), Riley Nash (Healthy)


Play-by-Play

1st period


0:01 of 1st period - Evgeny Kuznetsov wins face-off versus Shane Pinto in neutral zone.
0:26 of 1st period - Reilly Smith is hit by Anthony Beauvillier and loses puck.
0:35 of 1st period - Slapshot by Vladimir Tarasenko.
0:35 of 1st period - Shot Blocked by Victor Hedman.
0:42 of 1st period - Icing by Drew Doughty.
0:43 of 1st period - Jack McBain wins face-off versus Tyson Jost in Flames zone.
0:44 of 1st period - Wrist shot by Bryan Rust.
0:44 of 1st period - Shot Misses the Net.
1:34 of 1st period - Shane Pinto is hit by Trevor Moore and loses puck.
2:00 of 1st period - Pavel Zacha is hit by Kyle Burroughs and loses puck.
2:13 of 1st period - Justin Faulk is hit by Radim Simek and loses puck.
2:32 of 1st period - Kiefer Sherwood is hit by Trevor Lewis and loses puck.
3:02 of 1st period - Wrist shot by Trevor Moore.
3:02 of 1st period - Shot Misses the Net.
3:04 of 1st period - Snap shot by Victor Hedman.
3:04 of 1st period - Shot Blocked by Sean Walker.
3:45 of 1st period - Snap shot by Ryan Donato.
3:45 of 1st period - Shot Misses the Net.
4:46 of 1st period - Minor Penalty to David Savard for Holding.
4:47 of 1st period - Pierre-edouard Bellemare wins face-off versus Evgeny Kuznetsov in Whalers zone.
4:58 of 1st period - Wrist shot by Sam Reinhart.
4:58 of 1st period - Shot Misses the Net.
5:14 of 1st period - Trevor Lewis is hit by Victor Hedman and loses puck.
5:45 of 1st period - Trevor Moore is hit by Jacob Middleton and loses puck.
6:46 of 1st period - Penalty to David Savard is over, David Savard is back on ice.
6:59 of 1st period - Mark Jankowski is hit by Timo Meier and loses puck.
7:18 of 1st period - Ben Chiarot is hit by David Savard and loses puck.
8:34 of 1st period - Erik Brannstrom is hit by Drake Batherson and loses puck.
9:03 of 1st period - Icing by Jack McBain.
9:04 of 1st period - Blake Lizotte wins face-off versus Oskar Sundqvist in Whalers zone.
9:47 of 1st period - Wrist shot by Sam Reinhart.
9:47 of 1st period - Deflect By Evgeny Kuznetsov.
9:47 of 1st period - Stopped by Jacob Markstrom with a rebound.
10:14 of 1st period - Mark Jankowski is hit by Bryan Rust and loses puck.
10:39 of 1st period - Snap shot by Trevor Lewis.
10:39 of 1st period - Stopped by Sergei Bobrovsky with a rebound.
11:04 of 1st period - Kiefer Sherwood is hit by Scott Mayfield and loses puck.
11:19 of 1st period - Austin Watson is hit by Ty Dellandrea and loses puck.
12:07 of 1st period - Snap shot by Kiefer Sherwood.
12:07 of 1st period - Stopped by Jacob Markstrom with a rebound.
12:09 of 1st period - Wrist shot by Radim Simek.
12:09 of 1st period - Stopped by Jacob Markstrom without a rebound.
12:10 of 1st period - Oskar Sundqvist wins face-off versus Sam Reinhart in Whalers zone.
12:23 of 1st period - Snap shot by Pavel Zacha.
12:23 of 1st period - Stopped by Jacob Markstrom with a rebound.
12:25 of 1st period - Snap shot by Victor Hedman.
12:25 of 1st period - Shot Misses the Net.
12:27 of 1st period - Snap shot by Pavel Zacha.
12:27 of 1st period - Deflect By Sam Reinhart.
12:27 of 1st period - Shot Misses the Net.
12:27 of 1st period - Puck is out of play.
12:28 of 1st period - Shane Pinto wins face-off versus Nick Bjugstad in Whalers zone.
13:34 of 1st period - Snap shot by Bryan Rust.
13:34 of 1st period - Deflect By Max Pacioretty.
13:34 of 1st period - Shot Misses the Net.
13:34 of 1st period - Puck is out of play.
13:35 of 1st period - Trevor Moore wins face-off versus Shane Pinto in Flames zone.
13:37 of 1st period - Minor Penalty to Trevor Moore for Hooking.
13:38 of 1st period - Shane Pinto wins face-off versus Nick Bjugstad in Flames zone.
14:43 of 1st period - Icing by Scott Mayfield.
14:44 of 1st period - Oskar Sundqvist wins face-off versus Blake Lizotte in Whalers zone.
15:37 of 1st period - Penalty to Trevor Moore is over, Trevor Moore is back on ice.
15:51 of 1st period - Slapshot by Ryan Donato.
15:51 of 1st period - Shot Misses the Net.
16:15 of 1st period - Wrist shot by Ty Dellandrea.
16:15 of 1st period - Stopped by Sergei Bobrovsky with a rebound.
16:49 of 1st period - Justin Faulk is hit by Blake Lizotte and loses puck.
16:56 of 1st period - Slapshot by Blake Lizotte.
16:56 of 1st period - Shot Misses the Net.
17:06 of 1st period - Erik Brannstrom is hit by Jack McBain and loses puck.
18:24 of 1st period - Wrist shot by Blake Lizotte.
18:24 of 1st period - Stopped by Jacob Markstrom with a rebound.
18:26 of 1st period - Snap shot by Tyson Jost.
18:26 of 1st period - Stopped by Jacob Markstrom with a rebound.
18:28 of 1st period - Wrist shot by Radim Simek.
18:28 of 1st period - Stopped by Jacob Markstrom without a rebound.
18:29 of 1st period - Evgeny Kuznetsov wins face-off versus Shane Pinto in Whalers zone.
19:04 of 1st period - Snap shot by Trevor Moore.
19:04 of 1st period - Stopped by Jacob Markstrom with a rebound.
19:10 of 1st period - Snap shot by Oskar Sundqvist.
19:10 of 1st period - Shot Misses the Net.
Goals for this period are 0 for Flames vs 0 for Whalers.
Shots for this period are 8 for Flames vs 2 for Whalers.

2nd period


0:01 of 2nd period - Sam Reinhart wins face-off versus Shane Pinto in neutral zone.
0:26 of 2nd period - Oskar Sundqvist is hit by Nick Bjugstad and loses puck.
0:49 of 2nd period - Wrist shot by Kiefer Sherwood.
0:49 of 2nd period - Deflect By Austin Watson.
0:49 of 2nd period - Shot Misses the Net.
0:49 of 2nd period - Puck is out of play.
0:50 of 2nd period - Mark Jankowski wins face-off versus Jack McBain in Whalers zone.
1:21 of 2nd period - Wrist shot by Timo Meier.
1:21 of 2nd period - Stopped by Sergei Bobrovsky without a rebound.
1:22 of 2nd period - Nick Bjugstad wins face-off versus Timo Meier in Flames zone.
2:07 of 2nd period - Backhand shot by Bryan Rust.
2:07 of 2nd period - Stopped by Sergei Bobrovsky without a rebound.
2:08 of 2nd period - Jack McBain wins face-off versus Blake Lizotte in Flames zone.
2:17 of 2nd period - Wrist shot by Max Pacioretty.
2:17 of 2nd period - Shot Misses the Net.
2:19 of 2nd period - Slapshot by Scott Mayfield.
2:19 of 2nd period - Stopped by Sergei Bobrovsky with a rebound.
2:21 of 2nd period - Snap shot by Jack McBain.
2:21 of 2nd period - Goal by Jack McBain - Flames : 0 - Whalers : 1.
2:22 of 2nd period - Shane Pinto wins face-off versus Evgeny Kuznetsov in neutral zone.
2:35 of 2nd period - Wrist shot by Timo Meier.
2:35 of 2nd period - Shot Blocked by Pavel Zacha.
2:37 of 2nd period - Snap shot by Timo Meier.
2:37 of 2nd period - Shot Misses the Net.
2:39 of 2nd period - Wrist shot by Shane Pinto.
2:39 of 2nd period - Shot Misses the Net.
3:23 of 2nd period - Off-side.
3:24 of 2nd period - Nick Bjugstad wins face-off versus Shane Pinto in neutral zone.
3:29 of 2nd period - Snap shot by Anthony Beauvillier.
3:29 of 2nd period - Stopped by Jacob Markstrom without a rebound.
3:30 of 2nd period - Nick Bjugstad wins face-off versus Shane Pinto in Whalers zone.
3:35 of 2nd period - Snap shot by Trevor Moore.
3:35 of 2nd period - Goal by Trevor Moore - Flames : 1 - Whalers : 1.
3:36 of 2nd period - Shane Pinto wins face-off versus Nick Bjugstad in neutral zone.
3:52 of 2nd period - Trevor Moore is hit by Kyle Burroughs and loses puck.
4:05 of 2nd period - Wrist shot by Reilly Smith.
4:05 of 2nd period - Shot Blocked by Pavel Zacha.
4:24 of 2nd period - Slapshot by Drew Doughty.
4:24 of 2nd period - Stopped by Jacob Markstrom with a rebound.
4:59 of 2nd period - Snap shot by Pierre-edouard Bellemare.
4:59 of 2nd period - Stopped by Sergei Bobrovsky without a rebound.
5:00 of 2nd period - Nick Bjugstad wins face-off versus Shane Pinto in Flames zone.
5:14 of 2nd period - Snap shot by Trevor Moore.
5:14 of 2nd period - Goal by Trevor Moore - Flames : 2 - Whalers : 1.
5:15 of 2nd period - Nick Bjugstad wins face-off versus Oskar Sundqvist in neutral zone.
5:18 of 2nd period - Slapshot by Victor Hedman.
5:18 of 2nd period - Stopped by Jacob Markstrom with a rebound.
5:30 of 2nd period - Wrist shot by Reilly Smith.
5:30 of 2nd period - Shot Misses the Net.
5:40 of 2nd period - Kyle Burroughs is hit by Evgeny Kuznetsov.
5:54 of 2nd period - Sam Reinhart is hit by Timo Meier and loses puck.
6:02 of 2nd period - Icing by Pavel Zacha.
6:03 of 2nd period - Bryan Rust wins face-off versus Evgeny Kuznetsov in Flames zone.
6:04 of 2nd period - Slapshot by Max Pacioretty.
6:04 of 2nd period - Stopped by Sergei Bobrovsky without a rebound.
6:05 of 2nd period - Nick Bjugstad wins face-off versus Oskar Sundqvist in Flames zone.
6:05 of 2nd period - Nick Bjugstad is hit by David Savard.
6:21 of 2nd period - Wrist shot by Trevor Moore.
6:21 of 2nd period - Shot Misses the Net.
6:37 of 2nd period - Wrist shot by Sam Reinhart.
6:37 of 2nd period - Stopped by Jacob Markstrom without a rebound.
6:38 of 2nd period - Shane Pinto wins face-off versus Evgeny Kuznetsov in Whalers zone.
6:38 of 2nd period - Shane Pinto is hit by Drew Doughty.
6:52 of 2nd period - Snap shot by Sam Reinhart.
6:52 of 2nd period - Stopped by Jacob Markstrom with a rebound.
6:54 of 2nd period - Snap shot by Evgeny Kuznetsov.
6:54 of 2nd period - Shot Misses the Net.
8:37 of 2nd period - Slapshot by Vladimir Tarasenko.
8:37 of 2nd period - Stopped by Sergei Bobrovsky without a rebound.
8:38 of 2nd period - Oskar Sundqvist wins face-off versus Nick Bjugstad in Flames zone.
9:36 of 2nd period - Snap shot by Bryan Rust.
9:36 of 2nd period - Shot Misses the Net.
10:06 of 2nd period - David Savard is hit by Austin Watson and loses puck.
10:51 of 2nd period - Erik Brannstrom is hit by Sean Walker and loses puck.
11:20 of 2nd period - Snap shot by Oskar Sundqvist.
11:20 of 2nd period - Shot Blocked by Trevor Moore.
11:22 of 2nd period - Slapshot by Sean Walker.
11:22 of 2nd period - Stopped by Sergei Bobrovsky without a rebound.
11:23 of 2nd period - Evgeny Kuznetsov wins face-off versus Jack McBain in Flames zone.
11:23 of 2nd period - Evgeny Kuznetsov is hit by Jack McBain.
11:29 of 2nd period - Wrist shot by Bryan Rust.
11:29 of 2nd period - Stopped by Sergei Bobrovsky with a rebound.
11:31 of 2nd period - Slapshot by Max Pacioretty.
11:31 of 2nd period - Shot Blocked by Pavel Zacha.
11:33 of 2nd period - Snap shot by Bryan Rust.
11:33 of 2nd period - Stopped by Sergei Bobrovsky with a rebound.
11:35 of 2nd period - Slapshot by Justin Faulk.
11:35 of 2nd period - Shot Blocked by Pavel Zacha.
11:37 of 2nd period - Slapshot by Scott Mayfield.
11:37 of 2nd period - Stopped by Sergei Bobrovsky with a rebound.
11:39 of 2nd period - Snap shot by Scott Mayfield.
11:39 of 2nd period - Deflect By Evgeny Kuznetsov.
11:39 of 2nd period - Stopped by Sergei Bobrovsky without a rebound.
11:40 of 2nd period - Nick Bjugstad wins face-off versus Shane Pinto in Flames zone.
11:57 of 2nd period - Shane Pinto is hit by Ben Chiarot.
12:07 of 2nd period - Sam Reinhart is hit by Reilly Smith and loses puck.
12:16 of 2nd period - Slapshot by Reilly Smith.
12:16 of 2nd period - Deflect By Vladimir Tarasenko.
12:16 of 2nd period - Shot Hit the Post.
12:16 of 2nd period - Puck is out of play.
12:17 of 2nd period - Blake Lizotte wins face-off versus Jack McBain in Flames zone.
12:30 of 2nd period - Snap shot by Tyson Jost.
12:30 of 2nd period - Deflect By Ryan Donato.
12:30 of 2nd period - Stopped by Jacob Markstrom with a rebound.
12:59 of 2nd period - Snap shot by Shane Pinto.
12:59 of 2nd period - Stopped by Sergei Bobrovsky with a rebound.
13:35 of 2nd period - Snap shot by Ben Chiarot.
13:35 of 2nd period - Stopped by Jacob Markstrom without a rebound.
13:36 of 2nd period - Evgeny Kuznetsov wins face-off versus Shane Pinto in Whalers zone.
13:43 of 2nd period - Sean Walker is hit by Ben Chiarot and loses puck.
13:50 of 2nd period - Backhand shot by Sam Reinhart.
13:50 of 2nd period - Shot Blocked by Sean Walker.
14:51 of 2nd period - Slapshot by David Savard.
14:51 of 2nd period - Shot Misses the Net.
16:49 of 2nd period - Erik Brannstrom is hit by Justin Faulk and loses puck.
16:58 of 2nd period - Wrist shot by Ryan Donato.
16:58 of 2nd period - Shot Blocked by Reilly Smith.
17:36 of 2nd period - Slapshot by Justin Faulk.
17:36 of 2nd period - Stopped by Sergei Bobrovsky without a rebound.
17:37 of 2nd period - Evgeny Kuznetsov wins face-off versus Trevor Lewis in Flames zone.
17:37 of 2nd period - Evgeny Kuznetsov is hit by Ty Dellandrea.
17:47 of 2nd period - Victor Hedman is hit by Pierre-edouard Bellemare and loses puck.
18:11 of 2nd period - Snap shot by Timo Meier.
18:11 of 2nd period - Stopped by Sergei Bobrovsky with a rebound.
18:13 of 2nd period - Backhand shot by Shane Pinto.
18:13 of 2nd period - Shot Hit the Post.
18:47 of 2nd period - Slapshot by Jack McBain.
18:47 of 2nd period - Shot Misses the Net.
19:05 of 2nd period - Snap shot by Ty Dellandrea.
19:05 of 2nd period - Stopped by Sergei Bobrovsky without a rebound.
19:06 of 2nd period - Evgeny Kuznetsov wins face-off versus Pierre-edouard Bellemare in Flames zone.
19:23 of 2nd period - Snap shot by Sam Reinhart.
19:23 of 2nd period - Deflect By Pavel Zacha.
19:23 of 2nd period - Stopped by Jacob Markstrom without a rebound.
19:24 of 2nd period - Shane Pinto wins face-off versus Trevor Moore in Whalers zone.
19:40 of 2nd period - Wrist shot by Shane Pinto.
19:40 of 2nd period - Shot Misses the Net.
19:55 of 2nd period - Slapshot by Vladimir Tarasenko.
19:55 of 2nd period - Shot Blocked by Drew Doughty.
19:59 of 2nd period - Wrist shot by Vladimir Tarasenko.
19:59 of 2nd period - Stopped by Sergei Bobrovsky with a rebound.
Goals for this period are 2 for Flames vs 1 for Whalers.
Shots for this period are 10 for Flames vs 17 for Whalers.

3rd period


0:01 of 3rd period - Shane Pinto wins face-off versus Nick Bjugstad in neutral zone.
0:04 of 3rd period - Wrist shot by Timo Meier.
0:04 of 3rd period - Stopped by Sergei Bobrovsky without a rebound.
0:05 of 3rd period - Nick Bjugstad wins face-off versus Shane Pinto in Flames zone.
0:10 of 3rd period - Shane Pinto is hit by Trevor Moore.
0:40 of 3rd period - Snap shot by Bryan Rust.
0:40 of 3rd period - Deflect By Jack McBain.
0:40 of 3rd period - Stopped by Sergei Bobrovsky without a rebound.
0:41 of 3rd period - Evgeny Kuznetsov wins face-off versus Oskar Sundqvist in Flames zone.
0:54 of 3rd period - Vladimir Tarasenko is hit by Ben Chiarot and loses puck.
1:31 of 3rd period - Snap shot by Pierre-edouard Bellemare.
1:31 of 3rd period - Shot Blocked by Caleb Jones.
1:33 of 3rd period - Slapshot by Justin Faulk.
1:33 of 3rd period - Shot Blocked by Ryan Donato.
3:51 of 3rd period - Wrist shot by Max Pacioretty.
3:51 of 3rd period - Shot Blocked by Ryan Donato.
4:01 of 3rd period - Wrist shot by Max Pacioretty.
4:01 of 3rd period - Deflect By Bryan Rust.
4:01 of 3rd period - Shot Hit the Post.
4:01 of 3rd period - Puck is out of play.
4:02 of 3rd period - Shane Pinto wins face-off versus Evgeny Kuznetsov in Flames zone.
4:07 of 3rd period - Slapshot by Timo Meier.
4:07 of 3rd period - Stopped by Sergei Bobrovsky with a rebound.
4:20 of 3rd period - Icing by Drew Doughty.
4:21 of 3rd period - Evgeny Kuznetsov wins face-off versus Oskar Sundqvist in Flames zone.
4:21 of 3rd period - Evgeny Kuznetsov is hit by Reilly Smith.
4:32 of 3rd period - Snap shot by Pavel Zacha.
4:32 of 3rd period - Stopped by Jacob Markstrom without a rebound.
4:33 of 3rd period - Nick Bjugstad wins face-off versus Shane Pinto in Whalers zone.
4:44 of 3rd period - Anthony Beauvillier is hit by Scott Mayfield and loses puck.
5:07 of 3rd period - Snap shot by Blake Lizotte.
5:07 of 3rd period - Stopped by Jacob Markstrom with a rebound.
5:09 of 3rd period - Slapshot by Drew Doughty.
5:09 of 3rd period - Deflect By Shane Pinto.
5:09 of 3rd period - Stopped by Jacob Markstrom without a rebound.
5:10 of 3rd period - Blake Lizotte wins face-off versus Oskar Sundqvist in Whalers zone.
5:13 of 3rd period - Slapshot by Victor Hedman.
5:13 of 3rd period - Shot Misses the Net.
5:15 of 3rd period - Slapshot by Victor Hedman.
5:15 of 3rd period - Deflect By Ryan Donato.
5:15 of 3rd period - Stopped by Jacob Markstrom with a rebound.
5:17 of 3rd period - Wrist shot by Ryan Donato.
5:17 of 3rd period - Stopped by Jacob Markstrom with a rebound.
5:19 of 3rd period - Slapshot by Victor Hedman.
5:19 of 3rd period - Stopped by Jacob Markstrom without a rebound.
5:20 of 3rd period - Oskar Sundqvist wins face-off versus Evgeny Kuznetsov in Whalers zone.
6:18 of 3rd period - Snap shot by Reilly Smith.
6:18 of 3rd period - Shot Misses the Net.
6:20 of 3rd period - Backhand shot by David Savard.
6:20 of 3rd period - Shot Misses the Net.
6:45 of 3rd period - Slapshot by Vladimir Tarasenko.
6:45 of 3rd period - Shot Misses the Net.
6:47 of 3rd period - Wrist shot by Vladimir Tarasenko.
6:47 of 3rd period - Shot Misses the Net.
6:49 of 3rd period - Wrist shot by Oskar Sundqvist.
6:49 of 3rd period - Stopped by Sergei Bobrovsky without a rebound.
6:50 of 3rd period - Evgeny Kuznetsov wins face-off versus Shane Pinto in Flames zone.
7:17 of 3rd period - Jack McBain is hit by Nick Bjugstad and loses puck.
7:22 of 3rd period - Wrist shot by Anthony Beauvillier.
7:22 of 3rd period - Deflect By Max Pacioretty.
7:22 of 3rd period - Stopped by Jacob Markstrom with a rebound.
7:24 of 3rd period - Slapshot by Erik Brannstrom.
7:24 of 3rd period - Stopped by Jacob Markstrom with a rebound.
8:06 of 3rd period - Snap shot by Kiefer Sherwood.
8:06 of 3rd period - Shot Misses the Net.
8:12 of 3rd period - Kiefer Sherwood is hit by Sean Walker and loses puck.
9:07 of 3rd period - Timo Meier is hit by Blake Lizotte and loses puck.
9:57 of 3rd period - Snap shot by Scott Mayfield.
9:57 of 3rd period - Shot Blocked by Caleb Jones.
9:59 of 3rd period - Snap shot by Bryan Rust.
9:59 of 3rd period - Shot Misses the Net.
10:01 of 3rd period - Slapshot by Scott Mayfield.
10:01 of 3rd period - Shot Blocked by Ben Chiarot.
10:03 of 3rd period - Wrist shot by Max Pacioretty.
10:03 of 3rd period - Goal by Max Pacioretty - Flames : 2 - Whalers : 2.
10:04 of 3rd period - Evgeny Kuznetsov wins face-off versus Shane Pinto in neutral zone.
10:31 of 3rd period - Scott Mayfield is hit by Nick Bjugstad and loses puck.
10:57 of 3rd period - Caleb Jones is hit by Ty Dellandrea and loses puck.
11:04 of 3rd period - Wrist shot by Pierre-edouard Bellemare.
11:04 of 3rd period - Shot Blocked by Ben Chiarot.
11:06 of 3rd period - Slapshot by Jacob Middleton.
11:06 of 3rd period - Deflect By Ben Chiarot.
11:06 of 3rd period - Stopped by Sergei Bobrovsky with a rebound.
11:16 of 3rd period - Bryan Rust is hit by Austin Watson and loses puck.
11:57 of 3rd period - Nick Bjugstad is hit by Vladimir Tarasenko.
12:29 of 3rd period - Snap shot by Victor Hedman.
12:29 of 3rd period - Stopped by Jacob Markstrom without a rebound.
12:30 of 3rd period - Evgeny Kuznetsov wins face-off versus Shane Pinto in Whalers zone.
12:31 of 3rd period - Snap shot by Sam Reinhart.
12:31 of 3rd period - Shot Misses the Net.
12:45 of 3rd period - Snap shot by Timo Meier.
12:45 of 3rd period - Shot Misses the Net.
13:01 of 3rd period - Slapshot by Justin Faulk.
13:01 of 3rd period - Stopped by Sergei Bobrovsky with a rebound.
13:03 of 3rd period - Wrist shot by Vladimir Tarasenko.
13:03 of 3rd period - Stopped by Sergei Bobrovsky with a rebound.
13:05 of 3rd period - Snap shot by Justin Faulk.
13:05 of 3rd period - Stopped by Sergei Bobrovsky without a rebound.
13:06 of 3rd period - Oskar Sundqvist wins face-off versus Nick Bjugstad in Flames zone.
13:10 of 3rd period - Minor Penalty to Caleb Jones for Tripping.
13:11 of 3rd period - Nick Bjugstad wins face-off versus Oskar Sundqvist in Flames zone.
13:38 of 3rd period - Nick Bjugstad is hit by Timo Meier and loses puck.
14:07 of 3rd period - Drew Doughty is hit by Scott Mayfield and loses puck.
15:10 of 3rd period - Penalty to Caleb Jones is over, Caleb Jones is back on ice.
15:26 of 3rd period - Sam Reinhart is hit by Jack McBain and loses puck.
15:37 of 3rd period - Ty Dellandrea is hit by Kiefer Sherwood and loses puck.
17:07 of 3rd period - Shane Pinto is hit by Evgeny Kuznetsov and loses puck.
17:25 of 3rd period - Jacob Middleton is hit by Kiefer Sherwood and loses puck.
19:36 of 3rd period - Wrist shot by Ryan Donato.
19:36 of 3rd period - Stopped by Jacob Markstrom with a rebound.
19:56 of 3rd period - David Savard is hit by Tyson Jost and loses puck.
Goals for this period are 0 for Flames vs 1 for Whalers.
Shots for this period are 10 for Flames vs 9 for Whalers.

Overtime #1


0:01 of 1st overtime period - Evgeny Kuznetsov wins face-off versus Shane Pinto in neutral zone.
1:03 of 1st overtime period - Slapshot by Drew Doughty.
1:03 of 1st overtime period - Shot Blocked by Trevor Lewis.
1:31 of 1st overtime period - Snap shot by Evgeny Kuznetsov.
1:31 of 1st overtime period - Shot Misses the Net.
3:04 of 1st overtime period - Icing by Timo Meier.
3:05 of 1st overtime period - Timo Meier wins face-off versus Evgeny Kuznetsov in Whalers zone.
3:36 of 1st overtime period - Wrist shot by Pavel Zacha.
3:36 of 1st overtime period - Stopped by Jacob Markstrom with a rebound.
3:38 of 1st overtime period - Slapshot by Drew Doughty.
3:38 of 1st overtime period - Stopped by Jacob Markstrom with a rebound.
3:40 of 1st overtime period - Snap shot by Pavel Zacha.
3:40 of 1st overtime period - Stopped by Jacob Markstrom with a rebound.
3:42 of 1st overtime period - Slapshot by Drew Doughty.
3:42 of 1st overtime period - Stopped by Jacob Markstrom without a rebound.
3:43 of 1st overtime period - Sam Reinhart wins face-off versus Shane Pinto in Whalers zone.
3:50 of 1st overtime period - Wrist shot by Sam Reinhart.
3:50 of 1st overtime period - Stopped by Jacob Markstrom with a rebound.
4:00 of 1st overtime period - Sam Reinhart is hit by Shane Pinto and loses puck.
4:08 of 1st overtime period - Icing by Victor Hedman.
4:09 of 1st overtime period - Timo Meier wins face-off versus Sam Reinhart in Flames zone.
4:50 of 1st overtime period - Snap shot by Timo Meier.
4:50 of 1st overtime period - Stopped by Sergei Bobrovsky with a rebound.
Goals for this period are 0 for Flames vs 0 for Whalers.
Shots for this period are 5 for Flames vs 1 for Whalers.

ShootOut


5:00 of 1st overtime period - Round #1.
5:00 of 1st overtime period - Flames, Sam Reinhart.
5:00 of 1st overtime period - Deke by Sam Reinhart.
5:00 of 1st overtime period - Goal by Sam Reinhart.
5:00 of 1st overtime period - Whalers, Bryan Rust.
5:00 of 1st overtime period - Wrist shot by Bryan Rust.
5:00 of 1st overtime period - Shot Misses the Net.
5:00 of 1st overtime period - Round #2.
5:00 of 1st overtime period - Flames, Trevor Moore.
5:00 of 1st overtime period - Deke by Trevor Moore.
5:00 of 1st overtime period - Stopped by Jacob Markstrom.
5:00 of 1st overtime period - Whalers, Drake Batherson.
5:00 of 1st overtime period - Snap shot by Drake Batherson.
5:00 of 1st overtime period - Stopped by Sergei Bobrovsky.
5:00 of 1st overtime period - Round #3.
5:00 of 1st overtime period - Flames, Evgeny Kuznetsov.
5:00 of 1st overtime period - Wrist shot by Evgeny Kuznetsov.
5:00 of 1st overtime period - Stopped by Jacob Markstrom.
5:00 of 1st overtime period - Whalers, Vladimir Tarasenko.
5:00 of 1st overtime period - Wrist shot by Vladimir Tarasenko.
5:00 of 1st overtime period - Goal by Vladimir Tarasenko.
5:00 of 1st overtime period - Round #4.
5:00 of 1st overtime period - Flames, Ben Chiarot.
5:00 of 1st overtime period - Wrist shot by Ben Chiarot.
5:00 of 1st overtime period - Shot Misses the Net.
5:00 of 1st overtime period - Whalers, Reilly Smith.
5:00 of 1st overtime period - Backhand shot by Reilly Smith.
5:00 of 1st overtime period - Stopped by Sergei Bobrovsky.
5:00 of 1st overtime period - Round #5.
5:00 of 1st overtime period - Flames, Caleb Jones.
5:00 of 1st overtime period - Deke by Caleb Jones.
5:00 of 1st overtime period - Stopped by Jacob Markstrom.
5:00 of 1st overtime period - Whalers, Timo Meier.
5:00 of 1st overtime period - Snap shot by Timo Meier.
5:00 of 1st overtime period - Stopped by Sergei Bobrovsky.
5:00 of 1st overtime period - Round #6.
5:00 of 1st overtime period - Flames, Tyson Jost.
5:00 of 1st overtime period - Snap shot by Tyson Jost.
5:00 of 1st overtime period - Goal by Tyson Jost.
5:00 of 1st overtime period - Whalers, David Savard.
5:00 of 1st overtime period - Snap shot by David Savard.
5:00 of 1st overtime period - Stopped by Sergei Bobrovsky.